 Dungeon Crawl Stone Soup version 0.29.1-1-gd02db6906a (webtiles) character file.

Game seed: 16781648282217405832

116 xian the Trooper (level 5, -5/43 HPs)
             Began as a Formicid Wanderer on Oct 22, 2022.
             Was a Believer of Sif Muna.
             Killed from afar by Sigmund (9 damage)
             ... with a magic dart
             ... on level 3 of the Dungeon.
             The game lasted 00:10:23 (4056 turns).

xian the Trooper (Formicid Wanderer)                Turns: 4056, Time: 00:10:23

Health: -5/43      AC:  3    Str: 14    XL:     5   Next: 20%
Magic:  10/10      EV: 11    Int: 11    God:    Sif Muna [**....]
Gold:   106        SH:  0    Dex: 18    Spells: 8/11 levels left

rFire   . . .      SeeInvis +   d - +0 dagger
rCold   . . .      Faith    .   (no shield)
rNeg    . . .      Spirit   .   c - +0 leather armour
rPois   .          Reflect  .   (helmet unavailable)
rElec   .          Harm     .   (no cloak)
rCorr   .          Rampage  .   (no gloves)
Will    .....                   (no boots)
Stlth   ++........              q - amulet of magic regeneration
HPRegen 0.14/turn               (no ring)
MPRegen 0.52/turn               (no ring)

@: flying, invisible
A: permanent stasis, dig shafts and tunnels, antennae 3, four strong arms
a: Dig, Shaft Self, Renounce Religion, Channel Magic


You were on level 3 of the Dungeon.
You worshipped Sif Muna.
Sif Muna was pleased with you.
You visited 1 branch of the dungeon, and saw 3 of its levels.

You collected 106 gold pieces.

Inventory:

Hand Weapons
 a - a +1 quarterstaff
 d - a +0 dagger (weapon)
Missiles
 i - 5 boomerangs (quivered)
 m - 3 datura-tipped darts
Armour
 c - a +0 leather armour (worn)
Jewellery
 q - an amulet of magic regeneration (around neck)
Scrolls
 e - 2 scrolls of noise {unknown}
 g - 4 scrolls of identify {unknown}
 j - a scroll of teleportation {unknown}
 l - a scroll of acquirement {unknown}
 o - a scroll of amnesia {unknown}
 p - a scroll of magic mapping {unknown}
 t - a scroll of fear {unknown}
 u - 3 scrolls of enchant armour {unknown}
Potions
 b - 3 potions of lignification
 f - a potion of flight
 k - a potion of brilliance
 n - a potion of attraction {unknown}


   Skills:
 + Level 4.7 Fighting
 + Level 1.0 Short Blades
 + Level 1.0 Staves
 + Level 0.3 Throwing
 + Level 1.5 Armour
 + Level 1.2 Dodging
 + Level 1.6 Stealth
 + Level 3.8 Spellcasting
 * Level 1.6 Hexes
 + Level 1.2 Ice Magic


You had 8 spell levels left.
You knew the following spells:

 Your Spells              Type           Power      Damage    Failure   Level
a - Freeze                Ice            16%        1d4       19%         1
b - Ensorcelled Hibernat  Hex/Ice        10%        N/A       26%         2

Your spell library contained the following spells:

 Spells                   Type           Power      Damage    Failure   Level
 Call Canine Familiar     Summ           2%         N/A       65%         3
 Gell's Gravitas          Tloc           2%         N/A       65%         3


Dungeon Overview and Level Annotations

Branches:
Dungeon (3/15)

Altars:
Ashenzari
Kikubaaqudgha
Sif Muna

Annotations:
D:3 Sigmund


Innate Abilities, Weirdness & Mutations

You cannot be hasted, slowed, berserked, paralysed or teleported.
You can dig through walls and to a lower floor.
You have a pair of large antennae on your head. (SInv)
Your four strong arms can wield two-handed weapons with a shield.


Message History

Sigmund is severely wounded.
Sigmund hits you with a +4 scythe of freezing.
Sigmund freezes you.
Casting: Ensorcelled Hibernation (dangerous; 26% risk of failure)
Confirm with . or Enter, or press ? or * to list all spells.
Aiming: Ensorcelled Hibernation (dangerous; 26% risk of failure)
Press: ? - help, Shift-Dir - straight line, f/p - Sigmund
Aim: Sigmund, wielding a +4 scythe of freezing and wearing a +0 robe (severely wounded, slightly transparent, not susceptible)
Okay, then.
You hit Sigmund.
Sigmund is severely wounded.
You hit Sigmund.
Sigmund is severely wounded.
Sigmund hits you with a +4 scythe of freezing.
Sigmund freezes you.
You closely miss Sigmund.
Sigmund is severely wounded.
Sigmund hits you with a +4 scythe of freezing!
* * * LOW HITPOINT WARNING * * *
Sigmund freezes you.
* * * LOW HITPOINT WARNING * * *
Okay, then.
It was a potion of flight.
You feel very buoyant.
You fly up into the air.
It was a potion of berserk rage.
Your stasis prevents you from going berserk.
Sigmund barely misses you.
It was a potion of invisibility.
You fade into invisibility!
Sigmund barely misses you.
Sigmund points at something and mumbles some strange words.
Sigmund casts a spell at you. The magic dart hits you.
* * * LOW HITPOINT WARNING * * *
You barely miss Sigmund.
Sigmund is severely wounded.
Sigmund gestures at you while chanting. The magic dart hits you!
You die...

... #.....###......
####.#
##.#.##.......##..###
#.# #.#.##.##.##.# .#
#.#
..#.##)##.##.##..#
#..
.##.#............#
#.#
.#.....####..###.#
#.. ...#........#....
. ...#....@.......#
#..((..@..#......
.#(.......#......
#.##.....##......
####### ..... .....
.... {


You could see Sigmund (invisible, unable to see you).

Vanquished Creatures
  3 adders (D:2)
  A gnoll (D:1)
  2 worms
  3 dart slugs
  An orc (D:2)
  6 ball pythons
  2 bats
  9 endoplasms
  2 giant cockroaches (D:1)
  3 goblins (D:1)
  4 hobgoblins
  9 jackals
  8 kobolds
  A quokka (D:1)
  6 rats
60 creatures vanquished.

Notes
Turn   | Place    | Note
-------+----------+-------------------------------------------
     0 | D:1      | xian the Formicid Wanderer began the quest for the Orb.
     0 | D:1      | xian set off with the following items: a +1 quarterstaff, a
                  | potion of lignification, a +0 leather armour; and the
                  | following spell memorised: Freeze; and the following spells
                  | available to memorise: Ensorcelled Hibernation, Call Canine
                  | Familiar, Gell's Gravitas.
     0 | D:1      | Reached XP level 1. HP: 20/20 MP: 4/4
    91 | D:1      | Reached XP level 2. HP: 14/26 MP: 0/6
    94 | D:1      | Learned a level 2 spell: Ensorcelled Hibernation
   445 | D:1      | Found a faded altar of an unknown god.
   632 | D:1      | Prayed at the altar of an unknown god.
   632 | D:1      | Became a worshipper of Sif Muna the Loreminder
   632 | D:1      | Reached * piety under Sif Muna
   935 | D:1      | Reached XP level 3. HP: 19/31 MP: 2/8
  1275 | D:1      | Reached skill level 1 in Armour
  1822 | D:2      | Reached skill level 1 in Hexes
  1822 | D:2      | Reached XP level 4. HP: 16/38 MP: 7/9
  2154 | D:2      | Reached skill level 1 in Stealth
  2154 | D:2      | Reached skill level 1 in Ice Magic
  2868 | D:2      | Reached XP level 5. HP: 43/43 MP: 10/10
  3147 | D:2      | Reached ** piety under Sif Muna
  3250 | D:3      | Noticed Sigmund
  3688 | D:3      | Found an ancient bone altar of Kikubaaqudgha.
  3688 | D:3      | Found a broken altar of Ashenzari.
  3842 | D:3      | Reached skill level 1 in Short Blades
  4056 | D:3      | Killed from afar by Sigmund

Illustrated notes

Levels and vault maps discovered:
D:1:      lightli_arrival_quake, layout_basic,
          nicolae_ecumenical_snake_handling, minmay_unequal
D:2:      layout_loops_ring
D:3:      layout_loops_cross, amethyst_overflow_temple_binary, uniq_sigmund

Skill      XL: |  1  2  3  4  5 |
---------------+----------------+-----
Armour         | 1 |  1.5
Hexes          | 1 |  1.6
Stealth        | 1 |  1.6
Ice Magic      | 1 |  1.2
Short Blades   | 1 |  1.0
Fighting       | |  4.7
Staves         | |  1.0
Throwing       | |  0.3
Dodging        | |  1.2
Spellcasting   | |  3.8

Action                   |  1- 3 |  4- 6 || total
-------------------------+-------+-------++-------
Melee: Dagger            |    81 |   184 ||   265
       Punch             |     1 |       ||     1
Throw: Boomerang         |       |    19 ||    19
       Dart              |       |     5 ||     5
 Cast: Freeze            |    30 |     6 ||    36
       Ensorcelled Hiber |       |     9 ||     9
  Use: Potion            |     2 |     4 ||     6
 Stab: Sleeping          |     4 |    10 ||    14
Armor: Leather armour    |    27 |    34 ||    61
       Skin              |       |     5 ||     5
Dodge: Dodged            |    71 |   110 ||   181
